 Dungeon Crawl Stone Soup version 0.31-a0-1-g4198be8af4 (webtiles) character file.

Game seed: 15171821709482996739

280554 Zonian the Spry (level 19, -6/112 HPs)
             Began as a Spriggan Brigand on Apr 30, 2023.
             Was a High Priest of Ashenzari.
             Constricted to death by Jorgrun (11 damage)
             ... on level 1 of the Elven Halls on May 3, 2023.
             The game lasted 02:35:56 (41647 turns).

Zonian the Spry (Spriggan Brigand)                 Turns: 41647, Time: 02:36:05

Health: -6/112     AC:  5    Str:  7    XL:     19   Next: 68%
Magic:  42/42      EV: 45    Int: 12    God:    Ashenzari [*****.]
Gold:   1846       SH:  5    Dex: 31    Spells: 32/54 levels left

rFire   . . .        q - +6 dagger "I Foresaw This" {venom, Self, Evo} (curse)
rCold   + . .        (no shield)
rNeg    . . .        B - +1 robe of Vines {NoPotionHeal Regen++++, Cun, Fort} (curse)
rPois   +            O - +2 hat "Stars of the Bound Seer" {+Blink rPois Int-3 Slay+3, Evo, Self} (curse)
rElec   .            b - scarf "Chained Chagrin" {shadows, Dex+3, Melee, Range} (curse)
rCorr   +            (gloves unavailable)
SInv    +            (boots unavailable)
Will    +++..        R - amulet of Ashenzari's Visionary {Reflect SH+5, Comp, Evo} (curse)
Stlth   +++++++      i - ring of the Elysian Seer {rCorr, Melee, Self} (curse)
HPRegen 3.58/turn    l - ring "Cosmic Ordeal" {Dex+6, Fort, Cun} (curse)
MPRegen 0.28/turn

%: reflection, clarity
@: grasped by roots, constricted, very quick
A: very small, no large weapons, unfitting armour, see invisible, speed 3, cold
resistance 1, screaming 1
}: 2/15 runes: barnacled, gossamer
a: Renounce Religion, Evoke Blink, Curse Item, Shatter the Chains


You were on level 1 of the Elven Halls.
You worshipped Ashenzari.
Ashenzari was extremely pleased with you.
You visited 8 branches of the dungeon, and saw 33 of its levels.
You also visited: Bailey and Gauntlet.

You collected 3158 gold pieces.
You spent 1312 gold pieces at shops.

Inventory:

Hand Weapons
 g - a +5 dagger of electrocution
 q - the cursed +6 dagger "I Foresaw This" (weapon) {venom, Self, Evo}
   (You took it off a kobold on level 2 of the Dungeon)

   It has a curse which improves the following skills: Introspection: Fighting
   and Spellcasting.
   Evocations: Evocations.
 Q - the +10 zealot's sword {holy, Zealotry, *Rage rN+ EV+3}
   (You found it on level 4 of the Shoals)

   Zealotry:  Whenever the wielder enters a berserk rage, their allies are
   berserked alongside them.
   EV:        It affects your evasion (+3).
   rN:        It protects you from negative energy.
   *Rage:     It berserks you when you make melee attacks (+20% chance).
Missiles
 d - 25 poisoned darts (quivered)
 e - 3 curare-tipped darts
 t - 53 boomerangs
 I - 18 silver boomerangs
 S - 6 atropa-tipped darts
 V - 3 throwing nets
Armour
 b - the cursed scarf "Chained Chagrin" (worn) {shadows, Dex+3, Melee, Range}
   (You bought it in a shop on level 2 of the Dungeon)

   Dex:       It affects your dexterity (+3).
   It has a curse which improves the following skills: Melee Combat: Short
   Blades, Long Blades, Axes, Maces & Flails, Polearms, Staves and Unarmed
   Combat.
   Ranged Combat: Ranged Weapons and Throwing.
 u - the +1 hat "Nywuchau" {rC+ rN+ rCorr}
   (You found it on level 4 of the Spider Nest)

   rC:        It protects you from cold.
   rN:        It protects you from negative energy.
   rCorr:     It protects you from acid and corrosion.
 B - the cursed +1 robe of Vines (worn) {NoPotionHeal Regen++++, Cun, Fort}
   (You found it on level 7 of the Dungeon)

   NoPotionHeal: Its wearer cannot be healed by potions.
   Regen:     It increases your rate of health regeneration.
   It has a curse which improves the following skills: Cunning: Dodging and
   Stealth.
   Fortitude: Armour and Shields.
 O - the cursed +2 hat "Stars of the Bound Seer" (worn) {+Blink rPois Int-3 Slay+3, Evo, Self}
   (You found it on level 14 of the Dungeon)

   Int:       It affects your intelligence (-3).
   Slay:      It affects your accuracy & damage with ranged weapons and melee
   (+3).
   rPois:     It protects you from poison.
   +Blink:    It lets you blink.
   It has a curse which improves the following skills: Evocations: Evocations.
   Introspection: Fighting and Spellcasting.
Jewellery
 c - the ring "Timutuit" {Will+ MP+9}
   (You found it in a Gauntlet)

   [ring of magical power]

   MP:        It affects your magic capacity (+9).
   Will:      It increases your willpower.
 i - the cursed ring of the Elysian Seer (left hand) {rCorr, Melee, Self}
   (You found it on level 4 of the Dungeon)

   [ring of resist corrosion]

   rCorr:     It protects you from acid and corrosion.
   It has a curse which improves the following skills: Melee Combat: Short
   Blades, Long Blades, Axes, Maces & Flails, Polearms, Staves and Unarmed
   Combat.
   Introspection: Fighting and Spellcasting.
 j - a +4 ring of protection
 l - the cursed ring "Cosmic Ordeal" (right hand) {Dex+6, Fort, Cun}
   (You found it on level 5 of the Dungeon)

   [ring of dexterity]

   Dex:       It affects your dexterity (+6).
   It has a curse which improves the following skills: Fortitude: Armour and
   Shields.
   Cunning:   Dodging and Stealth.
 y - the amulet of Jetzoesh {Rampage rPois Regen+ rCorr}
   (You found it on level 14 of the Dungeon)

   [amulet of regeneration]

   rPois:     It protects you from poison.
   Regen:     It increases your rate of health regeneration.
   rCorr:     It protects you from acid and corrosion.
   Rampage:   It bestows one free step when moving towards enemies.
 G - a ring of flight
 K - a ring of magical power
 M - a ring of wizardry
 R - the cursed amulet of Ashenzari's Visionary (around neck) {Reflect SH+5, Comp, Evo}
   (You found it on level 1 of the Lair of Beasts)

   [amulet of reflection]

   It reflects blocked missile attacks.
   SH:        It affects your SH (+5).
   It has a curse which improves the following skills: Companions: Summonings
   and Necromancy.
   Evocations: Evocations.
Wands
 n - a wand of mindburst (40)
 r - a wand of charming (52)
 s - a wand of digging (7)
 D - a wand of quicksilver (15)
 E - a wand of iceblast (21)
 L - a wand of polymorph (10)
 N - a wand of flame (3)
Scrolls
 h - 6 scrolls of fog
 m - 15 scrolls of teleportation
 w - 2 scrolls of summoning
 A - 6 scrolls of enchant armour
 T - 2 scrolls of poison
 U - 3 scrolls of silence
 W - 4 scrolls of fear
 X - a scroll of magic mapping
 Z - 3 scrolls of enchant weapon
Potions
 f - 19 potions of ambrosia
 k - 7 potions of flight
 o - 3 potions of magic
 p - 3 potions of brilliance
 v - 4 potions of might
 z - 16 potions of curing
 F - 3 potions of berserk rage
 H - 4 potions of invisibility
 J - 6 potions of haste
 P - 3 potions of cancellation
 Y - 3 potions of resistance
Miscellaneous
 a - a lightning rod (3/4)
 x - a box of beasts
 C - a condenser vane (inert)


   Skills:
 + Level 13.1(17.2) Fighting
 - Level 11.9(15.0) Short Blades
 - Level 7.7(10.0) Throwing
 - Level 1.8(4.0) Armour
 - Level 18.6(21.5) Dodging
 - Level 12.5(15.6) Stealth
 - Level 13.9(18.0) Spellcasting
 - Level 8.0 Conjurations
 - Level 5.8(8.0) Summonings
 - Level 11.9(14.0) Necromancy
 - Level 8.0 Translocations
 - Level 13.7 Air Magic
 - Level 10.8(15.0) Evocations


You had 32 spell levels left.
You knew the following spells:

 Your Spells              Type           Power      Damage    Failure   Level
a - Swiftness             Air            43%        N/A       1%          3
b - Summon Lightning Spi  Summ/Air       36%        N/A       1%          4
c - Arcjolt               Conj/Air       18%        1d28      1%          5
d - Blink                 Tloc           60%        N/A       1%          2
e - Animate Dead          Necr           44%        N/A       1%          4
f - Iskenderun's Mystic   Conj/Tloc      30%        2d8       1%          4

Your spell library contained the following spells:

 Spells                   Type           Power      Damage    Failure   Level
 Foxfire                  Conj/Fire      80%        2x1d8     1%          1
 Shock                    Conj/Air       100%       1d9       1%          1
 Poisonous Vapours        Pois/Air       54%        N/A       1%          2
 Sublimation of Blood     Necr           44%        N/A       1%          2
 Manifold Assault         Tloc           30%        N/A       1%          4
 Death Channel            Necr           22%        N/A       2%          6
 Dazzling Flash           Conj/Hex       40%        N/A       3%          3
 Stone Arrow              Conj/Erth      40%        3d9       3%          3
 Summon Guardian Golem    Hex/Summ       20%        N/A       3%          3
 Volatile Blastmotes      Fire/Tloc      40%        2d13      3%          3
 Anguish                  Hex/Necr       13%        N/A       3%          4
 Sandblast                Erth           20%        2d7       5%          1
 Iskenderun's Battlesphe  Conj           30%        2d8       5%          5
 Ensorcelled Hibernation  Hex/Ice        20%        N/A       8%          2
 Passwall                 Tmut/Erth      8%         N/A       8%          2
 Wereblood                Tmut           10%        N/A       8%          2
 Borgnjor's Vile Clutch   Necr/Erth      13%        N/A       9%          5
 Animate Armour           Summ/Erth      40%        N/A       10%         4
 Conjure Ball Lightning   Conj/Air       18%        3x3d6     10%         6
 Spider Form              Tmut/Pois      10%        N/A       16%         3
 Fireball                 Conj/Fire      10%        3d6       28%         5
 Irradiate                Conj/Tmut      10%        3d15      28%         5
 Plasma Beam              Fire/Air       13%        2x1d27    43%         6
 Cause Fear               Hex            5%         N/A       45%         4
 Leda's Liquefaction      Hex/Erth       5%         N/A       45%         4
 Petrify                  Tmut/Erth      10%        N/A       45%         4
 Alistair's Intoxication  Tmut/Pois      6%         N/A       82%         5
 Blade Hands              Tmut           5%         N/A       82%         5
 Metabolic Englaciation   Hex/Ice        5%         N/A       82%         5
 Starburst                Conj/Fire      10%        6d5       83%         6
 Orb of Destruction       Conj           15%        9d7       86%         7
 Spellforged Servitor     Conj/Summ      15%        N/A       86%         7
 Summon Hydra             Summ           15%        N/A       86%         7
 Storm Form               Tmut/Air       13%        N/A       95%         7
 Eringya's Noxious Bog    Tmut/Pois      5%         N/A       100%        6
 Statue Form              Tmut/Erth      6%         N/A       100%        6
 Dragon Form              Tmut           5%         N/A       100%        7
 Enfeeble                 Hex            5%         N/A       100%        7
 Lehudib's Crystal Spear  Conj/Erth      10%        10d4      100%        8


Dungeon Overview and Level Annotations

Branches:
Dungeon (15/15)            Temple (1/1) D:6            Lair (5/5) D:11
 Shoals (4/4) Lair:2       Spider (4/4) Lair:2        Slime (1/5) Lair:4
    Orc (2/2) D:9             Elf (1/3) Orc:2        Vaults (0/5) D:13
 Depths (0/4) D:15         Bailey (visited)         Gauntlet (visited)

Altars:
Ashenzari
Dithmenos
Elyvilon
Fedhas
Gozag
Hepliaklqana
Kikubaaqudgha
Makhleb
Nemelex Xobeh
Qazlal
Sif Muna
Trog
Uskayaw
Wu Jian
Xom
Yredelemnul
Zin
The Shining One
Jiyva

Shops:
D:2 ?*   D:3 *   D:4 !   D:15 [   Orc:1 *   Orc:2 ([*:   Elf:1 =   Shoals:1 (
Shoals:4 [

Annotations:
D:2 Natasha
D:13 2 transporters, Zakkuatt's ghost, journeyman HOFi
D:14 Bukydon's ghost, journeyman MiFi
Elf:1 Jorgrun; Roxanne


Innate Abilities, Weirdness & Mutations

You are very small and have problems with some larger weapons.
You are too small for most types of armour.
You have supernaturally acute eyesight. (SInv)
You cover ground extremely quickly. (Speed+++)
Your flesh is cold resistant. (rC+)
You occasionally shout uncontrollably at your foes.


Message History

The deep elf knight looks as sick as possible!
The deep elf knight is heavily wounded.
The deep elf knight completely misses you.
You puncture the deep elf knight!
The deep elf knight is almost dead.
You puncture the deep elf knight!
You kill the deep elf knight!
Jorgrun barely misses you.
You miss Jorgrun. You completely miss Jorgrun.
Jorgrun points at you and mumbles some strange words.
Roots burst forth from the earth!
The grasping roots grab you! The grasping roots constrict you!
You hit Jorgrun but do no damage.
Jorgrun is poisoned.
You puncture Jorgrun!
Jorgrun is lightly wounded.
Jorgrun hits you with a staff of earth! Jorgrun shatters you!!
The grasping roots constrict you.
You impale Jorgrun!!
Jorgrun is moderately wounded.
You closely miss Jorgrun.
Jorgrun is moderately wounded.
You block Jorgrun's attack. The grasping roots constrict you.
You hit Jorgrun.
Jorgrun looks as sick as possible!
Jorgrun is moderately wounded.
You hit Jorgrun.
Jorgrun looks as sick as possible!
Jorgrun is moderately wounded.
Jorgrun hits you with a staff of earth! The grasping roots constrict you!
Unknown command.
You hit Jorgrun.
Jorgrun looks as sick as possible!
Jorgrun is moderately wounded.
Unknown command.
You puncture Jorgrun!
Jorgrun looks as sick as possible!
Jorgrun is heavily wounded.
Jorgrun gestures at you while chanting. The iron shot hits you!!!
* * * LOW HITPOINT WARNING * * *
The grasping roots constrict you!
You die...

#.....'.....
#.....######
##...##
##'#'##
#######
#.##.##
#....##
#.###.##
##.....##
#.# ##.##
#.....g)#
#.# ##'##
##...#.@.##
#.# ##..
#....#....#
#.# ##.)
#...#...##
#.# #...
#..#....#
#.# ##..
##.#..^##
#.# #..
##....# #.#
##' #####'#
#.# #. #.#
#.# #. #.#
#.# #.


You could see Jorgrun (extremely poisoned).

Vanquished Creatures
  Arachne (Spider:4)
  Rupert (D:13)
  Asterion (Spider:2)
  3 liches (D:14)
  A deep elf sorcerer (Elf:1)
  8 ghost moths
  2 emperor scorpions (Spider:4)
  An orc warlord (Orc:2)
  3 broodmothers
  The ghost of Ynonecli the Marksnaga, a journeyman NaHu of Hepliaklqana (D:14)
  A stone giant (D:15)
  Nessos (D:14)
  2 deep elf demonologists (Elf:1)
  A deep elf annihilator (Elf:1)
  4 spark wasps
  A minotaur (Gauntlet)
  3 dire elephants (Lair:5)
  5 merfolk javelineers
  4 entropy weavers
  3 merfolk impalers
  8 vault guards (D:13)
  Erolcha (D:10)
  4 centaur warriors
  6 hydras
  3 merfolk avatars
  Erica (Orc:1)
  A catoblepas (D:12)
  2 alligator snapping turtles
  2 death knights
  An ogre mage (Orc:1)
  A merfolk aquamancer (Shoals:4)
  2 jorogumos
  4 boulder beetles
  3 dancing weapons (Elf:1)
  2 satyrs
  7 two-headed ogres
  2 tengu warriors (D:15)
  An alligator (Lair:5)
  3 radroaches
  Urug (Lair:4)
  2 death yaks
  3 orc high priests (Orc:2)
  A spectral dire elephant (Lair:5)
  7 deep elf knights (Elf:1)
  6 pharaoh ants
  6 skysharks
  2 sun moths
  5 sea snakes
  A spectral anaconda (Lair:5)
  An orb spider (shapeshifter) (D:15)
  6 steelbarb worms
  6 deep elf archers (Elf:1)
  2 obsidian statues
  14 orb spiders
  Pikel (D:9)
  A phantasmal warrior (D:13)
  5 orc knights
  A harpy (Shoals:4)
  15 deep elf zephyrmancers (Elf:1)
  20 wolf spiders
  5 necromancers
  8 orc sorcerers
  17 deep elf pyromancers
  6 cyclopes
  7 ugly things
  8 manticores
  14 fauns
  12 elephants
  Maurice (D:11)
  3 demonic crawlers
  8 merfolk sirens
  7 moths of wrath
  Joseph (D:9)
  7 black mambas
  8 water nymphs
  2 gargoyles
  11 cane toads
  8 torpor snails
  A dire elephant skeleton (Lair:5)
  3 unseen horrors (D:12)
  3 kobold demonologists (D:11)
  7 komodo dragons
  3 freezing wraiths
  3 rime drakes
  A queen bee (D:9)
  5 trolls
  3 wind drakes
  A polar bear (Lair:5)
  10 merfolk
  A hornet (D:10)
  6 meliai
  39 tarantellas
  14 blink frogs
  2 spectral elephants (Lair:5)
  7 snapping turtles
  10 dream sheep
  12 slime creatures
  13 culicivoras
  An air elemental (Elf:1)
  27 jumping spiders
  4 shadows
  26 yaks
  A dire elephant simulacrum (Lair:5)
  2 wraiths
  7 wyverns
  5 water elementals
  A human (D:7)
  4 basilisks
  A human (shapeshifter) (D:15)
  A steam dragon (D:9)
  2 fire elementals (Elf:1)
  3 hogs (D:7)
  5 vampire mosquitoes
  55 redbacks
  A death yak simulacrum (Lair:5)
  2 spectral cane toads (Lair:5)
  9 water moccasins
  37 orc warriors
  A sky beast (D:8)
  An ice beast (D:6)
  7 ogres
  A black bear (D:5)
  2 elephant zombies (Lair:5)
  A swamp drake (D:11)
  9 wolves
  6 centaurs
  An elephant skeleton (Lair:5)
  4 lemures (D:9)
  4 kobold brigands
  16 bullfrogs
  An earth elemental (Elf:1)
  3 scorpions
  2 cane toad simulacra
  A gnoll sergeant (D:13)
  2 two-headed ogre simulacra (Orc:1)
  5 wights (D:7)
  3 elephant simulacra
  23 killer bees
  6 howler monkeys
  5 electric eels (Lair:3)
  4 quasits (D:5)
  A jelly (D:6)
  3 hounds
  16 orc priests
  A sleepcap (D:4)
  Natasha (D:2)
  Terence (D:3)
  7 iguanas
  27 orc wizards
  3 spriggan simulacra (Orc:1)
  A wolf simulacrum (Orc:1)
  The ghost of Esekla the Sneak, a weakling OpDe (D:5)
  9 adders
  17 gnolls
  2 river rats (D:12)
  5 white imps
  An ufetubus (D:4)
  2 worms
  2 dart slugs (D:5)
  119 orcs
  12 endoplasms
  3 giant cockroaches
  A goblin (D:4)
  5 hobgoblins
  10 jackals
  2 quokkas
  7 ball pythons
  8 bats
  A frilled lizard (D:1)
  25 kobolds
  A rat (D:1)
1080 creatures vanquished.

Vanquished Creatures (collateral kills)
  An entropy weaver (Spider:3)
  A merfolk impaler (Shoals:2)
  A jorogumo (Spider:4)
  A merfolk avatar (Shoals:4)
  A satyr (Shoals:4)
  3 sea snakes
  A harpy (Shoals:4)
  3 manticores
  A merfolk siren (Shoals:4)
  2 water nymphs (Shoals:4)
  A wind drake (Shoals:3)
  4 merfolk
  2 snapping turtles (Shoals:4)
  2 jumping spiders (Spider:4)
  2 culicivoras (Spider:4)
  A water elemental (Shoals:3)
  A redback (Spider:4)
28 creatures vanquished.

Vanquished Creatures (others)
  2 ghost moth zombies (Spider:4)
  A spark wasp zombie (Spider:4)
  A wolf spider zombie (Spider:4)
  3 deep elf zephyrmancers (Elf:1)
  An alligator snapping turtle zombie (Shoals:4)
  A merfolk zombie (Shoals:4)
  A sea snake zombie (Shoals:4)
  An orb spider zombie (Spider:4)
  2 jumping spider zombies (Spider:4)
  A culicivora zombie (Spider:4)
  A jumping spider (Spider:3)
  An orc warrior (Orc:2)
  An orc wizard (D:8)
  7 fungi
  38 plants
  20 withered plants (Lair:5)
82 creatures vanquished.

Grand Total: 1190 creatures vanquished

Notes
Turn   | Place    | Note
-------+----------+-------------------------------------------
     0 | D:1      | Zonian the Spriggan Brigand began the quest for the Orb.
     0 | D:1      | Reached XP level 1. HP: 10/10 MP: 2/2
   152 | D:1      | Reached XP level 2. HP: 15/15 MP: 3/3
   437 | D:1      | Reached skill level 2 in Dodging
   609 | D:1      | Reached XP level 3. HP: 18/18 MP: 4/4
  1044 | D:2      | Found Nydob's General Store.
  1076 | D:2      | Noticed Natasha
  1323 | D:2      | Killed Natasha
  1324 | D:2      | Reached skill level 3 in Dodging
  1324 | D:2      | Reached XP level 4. HP: 23/23 MP: 5/5
  1452 | D:2      | Noticed Natasha
  1481 | D:2      | Found a faded altar of an unknown god.
  1653 | D:2      | Found Fukeagamug's Magic Scroll Boutique.
  1933 | D:3      | Found Meracwij's Assorted Antiques.
  1943 | D:3      | Noticed Terence
  2028 | D:3      | Found a shimmering altar of Xom.
  2250 | D:3      | Killed Terence
  2251 | D:3      | Reached XP level 5. HP: 24/26 MP: 6/6
  2398 | D:3      | You fall into a shaft and drop 1 floor!
  2579 | D:4      | Found Sestrax's Distillery.
  2647 | D:4      | Found a bloodstained altar of Trog.
  2824 | D:4      | Reached skill level 4 in Dodging
  2985 | D:4      | Reached XP level 6. HP: 30/30 MP: 7/7
  3650 | D:5      | Entered Level 5 of the Dungeon
  3655 | D:5      | Found a transporter.
  3670 | D:5      | Noticed Esekla's ghost (weakling OpDe)
  3701 | D:5      | Reached skill level 5 in Dodging
  3863 | D:5      | Reached skill level 6 in Dodging
  4016 | D:5      | Reached skill level 5 in Short Blades
  4016 | D:5      | Reached XP level 7. HP: 34/34 MP: 8/8
  4080 | D:5      | Found a transporter.
  4212 | D:5      | Reached skill level 7 in Dodging
  5141 | D:2      | Bought a scroll of blinking for 97 gold pieces
  5141 | D:2      | Bought a scroll of fear for 52 gold pieces
  5143 | D:2      | Bought a scroll of teleportation for 39 gold pieces
  5362 | D:6      | Reached skill level 8 in Dodging
  5454 | D:6      | Found an ornate altar of the Wu Jian Council.
  5463 | D:6      | Found a glowing golden altar of the Shining One.
  5476 | D:6      | Reached skill level 10 in Stealth
  5476 | D:6      | Reached XP level 8. HP: 38/39 MP: 9/9
  5683 | D:6      | Found a staircase to the Ecumenical Temple.
  5695 | Temple   | Entered the Ecumenical Temple
  5708 | Temple   | Became a worshipper of Ashenzari the Shackled
  5795 | D:6      | Reached skill level 9 in Dodging
  5816 | D:6      | Found a basalt altar of Yredelemnul.
  6085 | D:7      | Found a flagged portal.
  6095 | Bailey   | Entered a bailey
  6151 | Bailey   | Reached skill level 10 in Dodging
  6513 | Bailey   | Found a large runed translucent door.
  6513 | Bailey   | Found a large runed translucent door.
  6514 | Bailey   | Noticed a deep elf pyromancer
  6552 | Bailey   | Reached skill level 11 in Dodging
  6786 | Bailey   | Noticed an orc knight
  6786 | Bailey   | Found the +3 salamander hide armour {Flames, rFlCloud rF++
                  | rC--}
  6945 | Bailey   | Killed an orc knight
  6946 | Bailey   | Reached XP level 9. HP: 36/43 MP: 10/10
  7110 | Bailey   | Killed a deep elf pyromancer
  7111 | Bailey   | Reached skill level 12 in Dodging
  7311 | D:7      | Found the +1 robe of Vines {NoPotionHeal Regen++++}
  7313 | D:7      | Noticed a seven-headed hydra
  7414 | D:7      | Reached skill level 1 in Evocations
  7652 | D:7      | Reached skill level 13 in Dodging
  7808 | D:7      | Reached XP level 10. HP: 49/49 MP: 11/11
  7897 | D:7      | Found a white marble altar of Elyvilon.
  8096 | D:8      | Found a blossoming altar of Fedhas.
  8350 | D:8      | Found a shadowy altar of Dithmenos.
  8408 | D:8      | Reached * piety under Ashenzari
  8535 | D:8      | Found a shimmering blue altar of Sif Muna.
  8541 | D:8      | Identified Sif Muna's Octavo of the Dose
  8722 | D:8      | Reached skill level 14 in Dodging
  9403 | D:9      | Found a hide-covered altar of Uskayaw.
  9557 | D:2      | Bought the scarf "Ellotir" {shadows, Dex+3} for 326 gold
                  | pieces
  9865 | D:9      | Reached skill level 5 in Evocations
  9914 | D:9      | Noticed Joseph
  9924 | D:9      | Killed Joseph
 10006 | D:9      | Found a sparkling altar of Nemelex Xobeh.
 10150 | D:9      | Found a staircase to the Orcish Mines.
 10340 | D:9      | Reached skill level 5 in Fighting
 10368 | D:9      | Reached skill level 15 in Dodging
 10412 | D:9      | Reached skill level 10 in Short Blades
 10455 | D:9      | Reached ** piety under Ashenzari
 10515 | D:9      | Noticed Pikel
 10571 | D:9      | Killed Pikel
 10572 | D:9      | Reached skill level 1 in Spellcasting
 10699 | D:9      | Identified the +5 scale mail of Cyimod {Rampage}
 10798 | D:10     | Entered Level 10 of the Dungeon
 10818 | D:10     | Noticed Erolcha
 10834 | D:10     | Killed Erolcha
 10835 | D:10     | Reached XP level 11. HP: 44/56 MP: 13/15
 11014 | D:10     | Noticed a two-headed ogre
 11020 | D:10     | Killed a two-headed ogre
 11085 | D:10     | Reached skill level 16 in Dodging
 11180 | D:10     | Found a burning altar of Makhleb.
 11902 | D:11     | Noticed a white ugly thing
 11939 | D:11     | Noticed Maurice
 11942 | D:11     | Killed Maurice
 12147 | D:11     | Noticed a two-headed ogre
 12167 | D:11     | Killed a two-headed ogre
 12168 | D:11     | Reached skill level 17 in Dodging
 12168 | D:11     | Reached skill level 5 in Spellcasting
 12275 | D:11     | Reached *** piety under Ashenzari
 12497 | D:11     | Found a staircase to the Lair.
 12503 | Lair:1   | Entered Level 1 of the Lair of Beasts
 12555 | Lair:1   | Learned a level 3 spell: Swiftness
 12784 | Lair:1   | Reached skill level 1 in Air Magic
 13096 | Lair:1   | Reached XP level 12. HP: 63/63 MP: 22/22
 13440 | Lair:2   | Found a hole to the Spider Nest.
 13586 | Lair:2   | Reached skill level 18 in Dodging
 13660 | Lair:2   | Found a staircase to the Shoals.
 14491 | D:4      | Bought a potion of invisibility for 88 gold pieces
 14491 | D:4      | Bought 2 potions of curing for 66 gold pieces
 15095 | Lair:3   | Reached skill level 5 in Throwing
 15521 | Lair:4   | Noticed Urug
 15527 | Lair:4   | Killed Urug
 15607 | Lair:4   | Noticed a death yak
 15619 | Lair:4   | Killed a death yak
 15631 | Lair:4   | Reached skill level 5 in Air Magic
 15742 | Lair:4   | Reached XP level 13. HP: 66/68 MP: 26/26
 16174 | Lair:4   | Found a viscous altar of Jiyva.
 16175 | Lair:4   | Found a staircase to the Slime Pits.
 16453 | Lair:5   | Entered Level 5 of the Lair of Beasts
 16526 | Slime:1  | Entered Level 1 of the Pits of Slime
 16587 | Lair:5   | Reached **** piety under Ashenzari
 17063 | Lair:5   | Noticed a dire elephant
 17107 | Lair:5   | Noticed a dire elephant
 17116 | Lair:5   | Killed a dire elephant
 17616 | Lair:5   | Noticed a dire elephant
 17657 | Lair:5   | Killed a dire elephant
 18460 | Lair:5   | Reached XP level 14. HP: 64/77 MP: 28/28
 18544 | Lair:5   | Reached skill level 10 in Fighting
 19643 | D:11     | Reached skill level 10 in Air Magic
 21569 | D:13     | Reached ***** piety under Ashenzari
 21609 | D:13     | Found a gate to the Vaults.
 21961 | D:13     | Noticed Rupert
 22476 | D:13     | Killed Rupert
 22815 | D:13     | Found a transporter.
 22829 | D:13     | Noticed Zakkuatt's ghost (journeyman HOFi)
 22842 | D:13     | Found a transporter.
 22847 | D:13     | Identified the +0 helmet of Tender Moments {Regen+ rCorr}
 23191 | D:14     | Found a gate leading to a gauntlet.
 23264 | D:14     | Noticed Nessos
 23282 | D:14     | Killed Nessos
 23297 | D:14     | Reached XP level 15. HP: 88/88 MP: 31/31
 23298 | D:14     | Reached XP level 16. HP: 95/95 MP: 32/32
 23301 | Gauntlet | Entered a Gauntlet
 23303 | Gauntlet | Found a transporter.
 23304 | Gauntlet | Found a transporter.
 23308 | Gauntlet | Found a transporter.
 23441 | Gauntlet | Found a transporter.
 23443 | Gauntlet | Found a transporter.
 23456 | Gauntlet | Identified the Information on Earthen Battle Magic
 23456 | Gauntlet | Identified the ring "Timutuit" {Will+ MP+9}
 23456 | Gauntlet | Found a transporter.
 23479 | Gauntlet | Gained mutation: You are robust. (+10% HP) [a neqoxec]
 23481 | Gauntlet | Gained mutation: You occasionally shout uncontrollably at
                  | your foes. [a neqoxec]
 23906 | D:2      | Bought Javuremm's Discursus on Foggy Venom for 644 gold
                  | pieces
 23911 | D:2      | Learned a level 4 spell: Summon Lightning Spire
 23917 | D:2      | Learned a level 5 spell: Arcjolt
 23920 | D:2      | Learned a level 2 spell: Blink
 24184 | D:14     | Reached skill level 1 in Translocations
 24436 | D:14     | Found a glowing golden altar of the Shining One.
 24517 | D:14     | Found a runed translucent gate.
 24518 | D:14     | Found a runed translucent gate.
 24518 | D:14     | Found a runed translucent gate.
 24518 | D:14     | Found an ancient bone altar of Kikubaaqudgha.
 24518 | D:14     | Noticed Bukydon's ghost (journeyman MiFi)
 24518 | D:14     | Noticed Ynonecli's ghost (journeyman NaHu)
 24518 | D:14     | Noticed a lich
 24518 | D:14     | Noticed a lich
 24518 | D:14     | Noticed a lich
 24519 | D:14     | Identified the amulet of Jetzoesh {Rampage rPois Regen+
                  | rCorr}
 24520 | D:14     | Identified the +2 hat "Ziqimec" {+Blink rPois Int-3 Slay+3}
 24814 | D:14     | Killed a lich
 24815 | D:14     | Reached skill level 1 in Conjurations
 24815 | D:14     | Reached XP level 17. HP: 81/108 MP: 33/33
 24980 | D:14     | Killed Ynonecli's ghost
 25008 | D:14     | Killed a lich
 25039 | D:14     | Killed a lich
 25172 | D:15     | Entered Level 15 of the Dungeon
 25545 | D:15     | Reached skill level 1 in Summonings
 25669 | D:15     | Found a staircase to the Depths.
 25839 | D:15     | Found Kikkeru's Antique Armour Boutique.
 26226 | Orc:1    | Entered Level 1 of the Orcish Mines
 26267 | Orc:1    | Found Owitycvo's Assorted Antiques.
 26269 | Orc:1    | Noticed Erica
 26277 | Orc:1    | Killed Erica
 26456 | Orc:1    | Found a frozen archway.
 26786 | Orc:2    | Entered Level 2 of the Orcish Mines
 27192 | Orc:2    | Found a staircase to the Elven Halls.
 27573 | Orc:2    | Reached skill level 1 in Armour
 27870 | Orc:2    | Found Ilomust's Antique Armour Emporium.
 27871 | Orc:2    | Found Mykaps's General Store.
 27871 | Orc:2    | Found Nemyovod's Book Shoppe.
 27871 | Orc:2    | Found Utiej's Antique Weapon Emporium.
 28104 | D:5      | Reached skill level 10 in Evocations
 28113 | D:5      | Killed Esekla's ghost
 28534 | Spider:1 | Entered Level 1 of the Spider Nest
 28840 | Spider:1 | Reached skill level 1 in Necromancy
 31207 | Spider:2 | Reached skill level 5 in Conjurations
 31259 | Spider:2 | Reached skill level 5 in Necromancy
 31267 | Spider:2 | Noticed Asterion
 31752 | Spider:2 | Killed Asterion
 31753 | Spider:2 | Reached XP level 18. HP: 115/115 MP: 36/36
 32028 | Spider:3 | Reached skill level 5 in Summonings
 32948 | Spider:4 | Entered Level 4 of the Spider Nest
 33495 | Spider:3 | Gained mutation: You occasionally lose the ability to read
                  | scrolls when taking damage. [mutagenic glow]
 34665 | Spider:4 | Learned a level 4 spell: Animate Dead
 34670 | Spider:4 | Learned a level 4 spell: Iskenderun's Mystic Blast
 34831 | Spider:4 | Noticed Arachne
 34870 | Spider:4 | Killed Arachne
 35060 | Spider:4 | Reached skill level 5 in Translocations
 35131 | Spider:4 | Got a gossamer rune of Zot
 35359 | Spider:4 | Reached skill level 10 in Spellcasting
 36236 | Spider:4 | Identified the +1 hat "Nywuchau" {rC+ rN+ rCorr}
 36355 | Shoals:1 | Entered Level 1 of the Shoals
 37184 | Shoals:1 | Found Nofum's Antique Weapon Emporium.
 37255 | Shoals:1 | Identified the +3 ring mail of Poor Excuses {rC+ rCorr}
 37872 | Shoals:2 | Reached skill level 10 in Necromancy
 38197 | Shoals:2 | Reached XP level 19. HP: 33/119 MP: 39/39
 38258 | Shoals:2 | Lost mutation: You are robust. (+10% HP) [potion of
                  | mutation]
 38258 | Shoals:2 | Lost mutation: You occasionally lose the ability to read
                  | scrolls when taking damage. [potion of mutation]
 38258 | Shoals:2 | Gained mutation: Your flesh is cold resistant. (rC+)
                  | [potion of mutation]
 39215 | Shoals:4 | Entered Level 4 of the Shoals
 39393 | Shoals:4 | Identified the staff of conjuration "Wuamayme" {Contam
                  | rCorr SInv}
 39741 | Shoals:4 | Got a barnacled rune of Zot
 39975 | Shoals:4 | Found the +10 zealot's sword {holy, Zealotry, *Rage rN+
                  | EV+3}
 40102 | Shoals:4 | Identified the staff of death "Netaa" {rC+ rN+ Str-4 Int+3
                  | Dex+4}
 40118 | Shoals:4 | Found Xoneqal's Armour Shop.
 40831 | Elf:1    | Entered Level 1 of the Elven Halls
 40962 | Elf:1    | Identified Roxanne's Encyclopedia of the Fjord
 40962 | Elf:1    | Noticed Roxanne
 41223 | Elf:1    | Found Aguevaip's Jewellery Boutique.
 41629 | Elf:1    | Noticed Jorgrun
 41647 | Elf:1    | HP: 5/112 [Jorgrun/iron shot (43)]
 41647 | Elf:1    | Constricted to death by Jorgrun

Illustrated notes

Levels and vault maps discovered:
D:1:      lemuel_arrival_broad_hall, layout_loops_ring
D:2:      layout_basic, chequers_ecumenical_altar_simple_redux, serial_shops,
          nicolae_shop_rolled_up, shop, serial_glass, glass_columns_a,
          glass_columns_a, glass_columns_a, glass_columns_a, glass_columns_a,
          glass_columns_a, glass_columns_b, glass_columns_a, glass_columns_a,
          glass_columns_b, kennysheep_decorative_pillar, uniq_natasha
D:3:      minmay_angry_zag, layout_basic, mainiacjoe_overflow_alcove_4,
          serial_shops, shop, dk_vineyard_3, uniq_terence
D:4:      layout_gridville, mainiacjoe_overflow_alcove_1, serial_shops,
          nicolae_shop_tiny_glass
D:5:      layout_layer_cave, gammafunk_ghost_stat_death,
          kennysheep_generic_room_16
D:6:      layout_rooms, grunt_temple_overflow_diamond,
          minmay_temple_entry_ruins, chequers_mini_garden
D:7:      layout_rooms, amcnicky_altar_gilded, enter_bailey_6, grunt_livestock,
          hellmonk_guarded_unrand_vines
D:8:      layout_basic, mainiacjoe_overflow_brackets, led_sif_book,
          mainiacjoe_overflow_tiny_flanked, minmay_unpleasant_kobolds
D:9:      layout_long_grid, eat_drink_and_be_merry_uskayaw,
          nicolae_overflow_crystal_walls, hiddenorc1_lemuel, special_room
          [special_room_bee], uniq_joseph, uniq_pikel
D:10:     layout_loops_ring, old_standard_altar, special_room
          [special_room_orc], moated_statue, minivault_25,
          nicolae_elevator_lobby_plus, uniq_erolcha
D:11:     layout_irregular_city, erik_lair_dragon, uniq_maurice
D:12:     layout_long_grid, pond
D:13:     layout_roguey, erik_vaults_2, gammafunk_ghost_berserking_beasts,
          uniq_rupert
D:14:     layout_cave_pools, gauntlet_entry_generic, gammafunk_ghost_crypt,
          nicolae_tso_swordbearing_angel, uniq_nessos
D:15:     grunt_enter_depths_snipers, layout_irregular_city, serial_shops, shop
Temple:   zaba_magenta_temple
Lair:1:   layout_cave_pods, beast_lair_carwin_4
Lair:2:   layout_chaotic_city, minmay_shoals_entry_lonely_mermaid,
          dummy_spider_entry
Lair:3:   layout_concentric_octagons, chequers_serial_rivers_room_b,
          serial_bayou_lake_a, infiniplex_staircase_pool_2
Lair:4:   layout_cave_pods, slime_entry_1, uniq_urug
Lair:5:   due_jungle_book, layout_misc_corridors
Shoals:1: layout_shoals, serial_shops,
          nicolae_shop_temple_entry_statues_fountains
Shoals:2: layout_shoals
Shoals:3: layout_shoals
Shoals:4: shoals_end_grunt_ice, layout_shoals, serial_shops, shop
Spider:1: layout_cave_pods
Spider:2: layout_spider_delve, nicolae_spider_eight_legs, uniq_asterion
Spider:3: layout_spider_delve, hangedman_spider_tarantella_strand
Spider:4: johnstein_spider_rune_arachne_lair, uniq_arachne
Slime:1:  cheibrodos_slime_lost_civilization_8, layout_caves,
          cheibrodos_slime_lost_civilization_5
Orc:1:    layout_caves, serial_shops, nicolae_shop_competitors_out_of_business,
          portal_ice_cave_entry_ice_simulacra, uniq_erica
Orc:2:    st_orc_congregation, layout_caves
Elf:1:    layout_geoelf_diagonals, serial_shops, shop, hangedman_elf_represent,
          minmay_elf_sorcery, uniq_jorgrun, uniq_roxanne

Skill      XL: |  1  2  3  4  5  6  7  8  9 10 11 12 13 14 15 16 17 18 19 |
---------------+----------------------------------------------------------+-----
Stealth        | 6 7 8 10 12 | 12.5
Dodging        | 2 3 4 6 8 11 13 15 17 18 | 18.6
Short Blades   | 3 4 5 6 7 9 10 11 | 11.9
Fighting       | 2 4 5 7 8 9 11 12 13 | 13.1
Evocations     | 3 7 9 10 | 10.8
Spellcasting   | 2 6 8 10 13 | 13.9
Air Magic      | 1 5 9 13 | 13.7
Throwing       | 6 7 |  7.7
Translocations | 2 4 8 |  8.0
Conjurations   | 1 5 8 |  8.0
Summonings     | 4 5 |  5.8
Armour         | 1 |  1.8
Necromancy     | 5 10 11 | 11.9

Action                     |  1- 3 |  4- 6 |  7- 9 | 10-12 | 13-15 | 16-18 | 19-21 || total
---------------------------+-------+-------+-------+-------+-------+-------+-------++-------
  Melee: Dagger            |   118 |   118 |   321 |  1066 |  1393 |  2592 |   792 ||  6400
         Punch             |       |     1 |     8 |    22 |    40 |    64 |    19 ||   154
  Throw: Dart              |     4 |       |    39 |     6 |    21 |    68 |    11 ||   149
         Boomerang         |       |     2 |     5 |     2 |     7 |    22 |       ||    38
   Cast: Blink             |       |       |       |       |       |     1 |       ||     1
         Summon Lightning  |       |       |       |       |       |     9 |       ||     9
         Animate Dead      |       |       |       |       |       |     2 |     2 ||     4
 Invoke: Curse Item        |       |       |     1 |     4 |     3 |     1 |       ||     9
         Shatter the Chain |       |       |       |     1 |       |     1 |       ||     2
Ability: Evoke Blink       |       |       |       |       |       |     2 |     1 ||     3
  Evoke: Wand              |       |     1 |     4 |     1 |    21 |    46 |     4 ||    77
         Condenser vane    |       |       |       |       |     1 |     2 |     1 ||     4
         Lightning rod     |       |       |       |       |       |     8 |     2 ||    10
         Box of beasts     |       |       |       |       |       |     1 |       ||     1
    Use: Scroll            |       |    11 |     8 |     1 |     3 |     4 |       ||    27
         Potion            |       |     2 |     2 |       |     2 |       |     1 ||     7
   Stab: Sleeping          |     9 |    19 |    15 |    33 |    21 |    24 |    13 ||   134
         Distracted        |     1 |       |     1 |     2 |     3 |    28 |     9 ||    44
 Armour: Robe              |    11 |     6 |    23 |     9 |    13 |    39 |    11 ||   112
  Dodge: Dodged            |    69 |    82 |   281 |   690 |  1054 |  2327 |   488 ||  4991
  Block: Other             |       |       |       |    53 |   175 |   393 |    75 ||   696
         Reflection        |       |       |       |       |       |    15 |     8 ||    23

Table legend: (Time is in decaauts)
 A = Elapsed time spent in this place.
 B = Non-inter-level travel time spent in this place.
 C = Inter-level travel time spent in this place.
 D = Time resting spent in this place.
 E = Time spent auto-exploring this place.
 F = Levels seen in this place.
 G = Mean time per level.
                   A        B        C        D        E       F      G
               +--------+--------+--------+--------+--------+-----+--------+
         Total |  28890 |  26516 |   2374 |   6718 |   9814 |  35 |  825.4 |
       Dungeon |  12557 |  10762 |   1795 |   2118 |   5132 |  15 |  837.1 |
        Temple |     17 |      9 |      8 |      0 |      4 |   1 |   17.0 |
          Lair |   4517 |   4236 |    281 |    855 |   1745 |   5 |  903.4 |
        Shoals |   3339 |   3285 |     54 |    522 |   1217 |   4 |  834.8 |
   Spider Nest |   5732 |   5583 |    149 |   2560 |   1049 |   4 | 1433.0 |
    Slime Pits |      1 |      1 |      0 |      0 |      0 |   1 |    1.0 |
  Orcish Mines |   1101 |   1016 |     85 |     33 |    419 |   2 |  550.5 |
   Elven Halls |    482 |    482 |      0 |      2 |    180 |   1 |  482.0 |
        Bailey |    996 |    996 |      0 |    627 |     65 |   1 |  996.0 |
      Gauntlet |    145 |    145 |      0 |      0 |      0 |   1 |  145.0 |
               +--------+--------+--------+--------+--------+-----+--------+

Top non-repeatable levels by time:
  Lair:5: 1978 daAuts
Spider:1: 1919 daAuts
Spider:4: 1916 daAuts
Spider:3: 1422 daAuts
Shoals:4: 1360 daAuts
     D:5: 1284 daAuts
    D:13: 1226 daAuts
    D:12: 1027 daAuts
  Bailey: 996 daAuts
    D:11: 966 daAuts
    D:14: 949 daAuts
     D:7: 867 daAuts
     D:8: 852 daAuts
  Lair:2: 808 daAuts
     D:9: 800 daAuts
